 Dungeon Crawl Stone Soup version 0.31.0-11-ge490571c62 (webtiles) character file.

Game seed: 5164286138931892447

56 dialectric the Changeling (level 3, -1/33 HPs)
             Began as a Troll Shapeshifter on Jan 29, 2024.
             Slain by a gnoll
             ... wielding a +0 flail
              (11 damage)
             ... on level 2 of the Dungeon.
             The game lasted 00:01:27 (983 turns).

dialectric the Changeling (Troll Shapeshifter)       Turns: 983, Time: 00:01:27

Health: -1/33      AC:  4    Str: 24    XL:     3   Next: 69%
Magic:  2/2        EV:  9    Int:  6    God:
Gold:   170        SH:  0    Dex:  9    Spells: 2/2 levels left

rFire   + .          .
                       - Unarmed
rCold   . . .        (no shield)
rNeg    . . .        a - +0 animal skin
rPois   .            (helmet currently unavailable)
rElec   .            (cloak currently unavailable)
rCorr   .            (gloves unavailable)
SInv    .            (boots unavailable)
Will    .....        (no amulet)
Stlth   +            k - ring of protection from fire
HPRegen 1.05/turn    (no ring)
MPRegen 0.08/turn

%: no passive effects
@: beast-form
A: beast (slay +2), large, unfitting armour, claws 3, regeneration 1, shaggy fur
1, tough skin 1
a: Begin Untransformation


You were on level 2 of the Dungeon.
You were a hulking beast.
You visited 1 branch of the dungeon, and saw 2 of its levels.

You collected 170 gold pieces.

Inventory:

Armour
 a - a +0 animal skin (worn)
 e - a +1 hat
 i - an orb of mayhem
Jewellery
 k - a ring of protection from fire (left claw)
Talismans
 c - a beast talisman
 d - a flux talisman
Scrolls
 f - a scroll of enchant weapon {unknown}
 h - 3 scrolls of identify {unknown}
 j - a scroll of poison {unknown}
Potions
 b - a potion of lignification
 g - a potion of heal wounds {unknown}


   Skills:
 * Level 1.4 Fighting
 + Level 1.6 Dodging
 - Level 3.2 Unarmed Combat
 + Level 4.0 Shapeshifting


You had 2 spell levels left.
You didn't know any spells.
Your spell library contained the following spells:

 Spells                   Type           Power      Damage    Failure   Level
 Ozocubu's Armour         Ice            0%         N/A       83%         3
 Metabolic Englaciation   Hex/Ice        0%         N/A       100%        5
 Sculpt Simulacrum        Ice/Alch       0%         N/A       100%        6


Dungeon Overview and Level Annotations

Branches:
Dungeon (2/15)

Altars:


Innate Abilities, Weirdness & Mutations

You are a hulking beast.
Your limbs bulge with bestial killing power. (Slay +2)
You are too large for most types of armour.
You have claws for hands.
Your natural rate of healing is unusually fast.
You are covered in fur. (AC +1)
You have tough skin. (AC +1)


Message History

A gnoll and a frilled lizard come into view.
Found a leather armour.
The gnoll shouts!
The frilled lizard hisses angrily.
A gnoll comes into view. It is wielding a +0 spear.
There are monsters nearby!
Found a stone staircase leading up.
There are monsters nearby!
A gnoll comes into view. It is wielding a +0 flail.
The frilled lizard bites you but does no damage.
You see here a +0 leather armour.
You miss the frilled lizard.
The gnoll shouts!
You hear a shout!
The frilled lizard completely misses you.
You claw the frilled lizard!
You kill the frilled lizard!
Found a dagger.
The gnoll closely misses you.
You see here a frilled lizard corpse.
You closely miss the gnoll. The gnoll hits you but does no damage.
The gnoll barely misses you.
You barely miss the gnoll.
The gnoll hits you from afar with a +0 spear.
The gnoll barely misses you.
You barely miss the gnoll.
The gnoll hits you from afar with a +0 spear.
You completely miss the gnoll.
A gnoll comes into view. It is wielding a +0 flail.
The gnoll barely misses you.
The gnoll hits you from afar with a +0 spear.
You closely miss the gnoll. The gnoll barely misses you.
The gnoll hits you from afar with a +0 spear!
You are too injured to fight recklessly!
You are too injured to fight recklessly!
You are too injured to fight recklessly!
You are too injured to fight recklessly!
Unknown command.
The gnoll attacks as it pursues you! The gnoll hits you with a +0 flail!
* * * LOW HITPOINT WARNING * * *
You see here a +0 leather armour.
The gnoll attacks as it pursues you! The gnoll hits you with a +0 flail!
You die...

#.#.....#... ## .#.
........#### .. ....
##...#.... #. .#.....
.### .. #.## .#.....
...#### #..#...#g.....<
.......###....#.........
..⌠.##...###....†#g..#
....#..⌠...###..gg...#
...##........###h##..#
...#.............# )#
..##........⌠.##.# #
..#.....#.....#....
.##.⌠........##.###.# .#
..........##. ..
####........#### ##
.#.###...⌠..#
##...###...##


You could see 4 gnolls.

Vanquished Creatures
  An adder (D:2)
  A dart slug (D:1)
  A ribbon worm (D:2)
  3 ball pythons (D:1)
  A bat (D:1)
  4 endoplasms
  2 giant cockroaches
  8 goblins
  3 hobgoblins (D:2)
  5 kobolds
  4 frilled lizards
  7 rats
40 creatures vanquished.

Notes
Turn   | Place    | Note
-------+----------+-------------------------------------------
     0 | D:1      | dialectric the Troll Shapeshifter began the quest for the
                  | Orb.
     0 | D:1      | Reached XP level 1. HP: 18/18 MP: 0/0
   115 | D:1      | Reached XP level 2. HP: 23/26 MP: 1/1
   618 | D:1      | Reached skill level 1 in Fighting
   821 | D:2      | Reached XP level 3. HP: 33/33 MP: 2/2
   964 | D:2      | Reached skill level 4 in Shapeshifting
   983 | D:2      | Slain by a gnoll

Illustrated notes

Levels and vault maps discovered:
D:1:      dpeg_arrival_short_road, layout_loops_ring, hangedman_glass_teeth
D:2:      minmay_skewed_foursquare, layout_basic, st_stairs_6

Skill      XL: |  1  2  3 |
---------------+----------+-----
Fighting       | 1 |  1.4
Shapeshifting  | 4 |  4.0
Dodging        | |  1.6
Unarmed Combat | |  3.2

Action                     || total
---------------------------++-------
  Melee: Unarmed           ||    81
         Punch             ||     1
 Armour: Animal skin       ||    58
  Dodge: Dodged            ||    28
